 Dungeon Crawl Stone Soup version 0.30.0-5-g1a98f26d00 (webtiles) character file.

Game seed: 15385385557956863705

12801 Huckebein the Cleaver (level 11, -11/86 HPs)
             Began as a Demonspawn Fighter on May 13, 2023.
             Was an Elder of Qazlal.
             Mangled by a death scarab (27 damage)
             ... in a Gauntlet.
             The game lasted 00:18:06 (11208 turns).

Huckebein the Cleaver (Demonspawn Fighter)         Turns: 11208, Time: 00:18:07

Health: -11/86     AC:  8    Str: 18    XL:     11   Next: 67%
Magic:  19/19      EV: 13    Int: 14    God:    Qazlal [****..]
Gold:   776        SH: 11    Dex: 15    Spells: 10/10 levels left

rFire   + . .        s - +8 hand axe "Leviticus" {freeze, rN+ SInv}
rCold   + . .        c - +0 buckler
rNeg    + . .        H - +1 leather armour {rC+}
rPois   .            m - +0 helmet
rElec   .            D - +0 cloak
rCorr   .            (no gloves)
SInv    +            A - +0 pair of boots
Will    .....        (no amulet)
Stlth   +            k - ring of protection from cold
HPRegen 0.34/turn    w - ring "Uptuim" {Fire Int+2 Slay+3}
MPRegen 0.16/turn

%: no teleportation, repel missiles
@: slowed, very slow
A: foul stench 2, big brain 1, weakness stinger 1
a: Renounce Religion, Upheaval, Elemental Force


You were in a Gauntlet.
You worshipped Qazlal.
Qazlal was greatly pleased with you.
You visited 1 branch of the dungeon, and saw 11 of its levels.
You also visited: Gauntlet.

You collected 776 gold pieces.

Inventory:

Hand Weapons
 a - a +0 war axe
 j - a +3 whip
 s - the +8 hand axe "Leviticus" (weapon) {freeze, rN+ SInv}
   (You found it on level 3 of the Dungeon)

   rN:        It protects you from negative energy.
   SInv:      It lets you see invisible.
 t - a +0 mace
 C - a +1 whip of electrocution
 N - a +0 flail of protection
Missiles
 J - 2 throwing nets (quivered)
Armour
 b - a +0 scale mail
 c - a +0 buckler (worn)
 i - a +0 chain mail
 m - a +0 helmet (worn)
 A - a +0 pair of boots (worn)
 D - a +0 cloak (worn)
 H - a +1 leather armour of cold resistance (worn)
Jewellery
 k - a ring of protection from cold (left hand)
 w - the ring "Uptuim" (right hand) {Fire Int+2 Slay+3}
   (You found it on level 4 of the Dungeon)

   [ring of fire]

   It enhances your fire magic.
   Int:       It affects your intelligence (+2).
   Slay:      It affects your accuracy & damage with ranged weapons and melee
   (+3).
   rF:        It protects you from fire.
   rC:        It makes you vulnerable to cold.
 y - an amulet of regeneration
 G - an amulet of magic regeneration
 P - a ring of protection from fire
 R - a +6 ring of dexterity
Wands
 o - a wand of quicksilver (6)
 v - a wand of flame (60)
 B - a wand of roots (8)
 M - a wand of charming (3)
Scrolls
 f - 5 scrolls of teleportation {unknown}
 h - 7 scrolls of vulnerability {unknown}
 l - 4 scrolls of identify {unknown}
 n - a scroll of fog {unknown}
 q - a scroll of enchant weapon {unknown}
 u - 4 scrolls of blinking {unknown}
 F - 5 scrolls of immolation {unknown}
 I - 2 scrolls of amnesia {unknown}
 K - a scroll of enchant armour {unknown}
 L - a scroll of magic mapping {unknown}
 O - a scroll of torment {unknown}
 Q - a scroll of acquirement {unknown}
 S - a scroll of silence {unknown}
Potions
 d - 4 potions of might
 e - 7 potions of heal wounds {unknown}
 g - a potion of haste {unknown}
 p - 7 potions of curing {unknown}
 r - 4 potions of attraction {unknown}
 x - a potion of lignification {unknown}
 z - 2 potions of flight {unknown}
 E - 2 potions of berserk rage {unknown}


   Skills:
 + Level 7.8 Fighting
 + Level 10.7 Axes
 + Level 7.0 Armour
 - Level 4.0 Dodging
 + Level 6.4 Shields
 * Level 10.6 Invocations


You had 10 spell levels left.
You didn't know any spells.
Your spell library contained the following spells:

 Spells                   Type           Power      Damage    Failure   Level
 Sandblast                Erth           0%         2d4       38%         1
 Passwall                 Tmut/Erth      0%         N/A       54%         2
 Static Discharge         Conj/Air       0%         2-2/arc   54%         2
 Ozocubu's Armour         Ice            0%         N/A       77%         3
 Stone Arrow              Conj/Erth      0%         3d7       77%         3
 Airstrike                Air            0%         2d(0-16)  99%         4
 Cause Fear               Hex            0%         N/A       99%         4
 Leda's Liquefaction      Hex/Erth       0%         N/A       99%         4
 Summon Lightning Spire   Summ/Air       0%         N/A       99%         4
 Lee's Rapid Deconstruct  Erth           0%         3d4*      100%        5
 Statue Form              Tmut/Erth      0%         N/A       100%        6
 Dragon Form              Tmut           0%         N/A       100%        7
 Ozocubu's Refrigeration  Ice            0%         4d7       100%        7
 Dragon's Call            Summ           0%         N/A       100%        9


Dungeon Overview and Level Annotations

Branches:
Dungeon (11/15)            Temple (0/1) D:7            Lair (0/5) D:10
Gauntlet (1/1)
    Orc: D:9-12

Altars:
Fedhas
Gozag
Hepliaklqana
Kikubaaqudgha
Qazlal
Trog
Wu Jian

Portals:
Trove: D:10 (show slimy rune of Zot)

Annotations:
D:10 exclusion: oklob plant Gauntlet 13 transporters, 2 runed translucent doors, exclusion: orange crystal statue


Innate Abilities, Weirdness & Mutations

You sometimes emit foul miasma when damaged in melee.
You have an unusually large brain. (Int +2)
You have a small tail.


Message History

The death drake hisses angrily.
Found a runed translucent door.
Found a transporter.
Found a transporter.
Found 12 gold pieces.
Found a transporter.
Found a scroll labelled YLLACV DIYBB.
Marking area around an orange crystal statue as unsafe for travelling.
Why would you want to do that? Why would you want to do that?
The elephant trumpets! x2
The elephant trumpets!
The elephant trumpets!
The ufetubus shouts!
The death scarab's many legs skitter faintly.
There is a transporter here.
You enter the transporter and appear at another place.
The death scarab barely misses you.
You closely miss the death scarab.
Your tail-slap misses the death scarab.
The death scarab bites you!!
You emit a cloud of foul miasma!
The death scarab closely misses you.
The spectral cane toad attacks as you move away!
The spectral cane toad barely misses you.
The spectral cane toad misses you.
You hit the death scarab but do no damage.
Your tail-slap misses the death scarab.
You barely miss the spectral cane toad. The death scarab bites you!
The death scarab drains your vigour!
You feel yourself slow down.
The death scarab draws strength from your injuries!
You emit a cloud of foul miasma!
The death scarab bites you. The spectral cane toad hits you!
You hit the death scarab but do no damage.
You slash the spectral cane toad! You freeze the spectral cane toad.
The death scarab bites you!!
* * * LOW HITPOINT WARNING * * *
The death scarab drains your vigour!
You feel as though you will be slow longer.
The death scarab draws strength from your injuries!
The death scarab bites you!!
You die...

##≈###≈###≈###≈###≈###≈##
#≈≈≈#≈≈≈#≈≈≈#≈≈≈#≈≈≈#≈≈≈#
......................≈#
###################...##
..#.55#8©8##.#.#.##...≈##
#.#.#.#...#.#.#.#.#..∩≈≈#
#.#.#.#...##.#©#.##...≈##
##©##.#©.©#©#.#Z#.#©..##
#.#.#.######.#.#@##...≈##
#5#.#5#...#!#.#B#.#..∩≈≈#
53#..5#.8.##.#.#.##...≈##
#######...#########...##
......................≈#
#≈≈≈#≈≈≈#≈≈≈#≈≈≈#≈≈≈#≈≈≈#
##≈###≈###≈###≈###≈###≈##
### ### ### ### ### ##


You could see a spectral cane toad and a death scarab.

Vanquished Creatures
  2 centaur warriors (D:10)
  2 two-headed ogres
  A boulder beetle (D:10)
  A wizard (D:10)
  Pikel (D:6)
  An ugly thing (D:10)
  A wolf spider (D:10)
  A manticore (D:10)
  An unseen horror (D:11)
  3 trolls
  A slime creature (D:10)
  Sigmund (D:5)
  2 shadows
  6 yaks (D:6)
  A basilisk (shapeshifter) (D:10)
  A wyvern (D:9)
  A steam dragon (D:6)
  Edmund (D:6)
  Menkaure (D:7)
  Duvessa (D:7)
  2 acid dragons (D:10)
  2 water moccasins
  4 orc warriors
  A black bear (D:5)
  An ogre (D:4)
  3 sky beasts
  A phantom (D:5)
  5 centaurs
  3 kobold brigands
  5 bullfrogs
  2 scorpions
  8 wights
  Dowan (D:7)
  4 killer bees (D:9)
  5 howler monkeys
  10 orc priests
  2 gnoll boudas
  7 hounds
  2 jellies
  A sleepcap (D:5)
  8 iguanas
  12 orc wizards
  7 gnolls
  7 adders
  A shadow imp (D:6)
  2 white imps
  2 ufetubi (D:4)
  A worm (D:2)
  2 dart slugs
  36 orcs
  5 ball pythons
  5 bats
  13 endoplasms
  2 giant cockroaches
  4 hobgoblins
  3 jackals (D:3)
  2 quokkas
  5 frilled lizards
  2 goblins (D:1)
  19 kobolds
  3 rats (D:1)
240 creatures vanquished.

Notes
Turn   | Place    | Note
-------+----------+-------------------------------------------
     0 | D:1      | Huckebein the Demonspawn Fighter began the quest for the
                  | Orb.
     0 | D:1      | Reached XP level 1. HP: 18/18 MP: 1/1
   230 | D:1      | Gained mutation: You may rarely emit foul miasma when
                  | damaged in melee. [demonic ancestry]
   230 | D:1      | Reached XP level 2. HP: 24/24 MP: 2/2
  1015 | D:2      | Reached XP level 3. HP: 5/29 MP: 3/3
  1608 | D:3      | Identified the +8 hand axe "Leviticus" {freeze, rN+ SInv}
  1655 | D:3      | Reached XP level 4. HP: 35/35 MP: 4/4
  1721 | D:3      | Found a stormy altar of Qazlal.
  1722 | D:3      | Noticed a water elemental
  1724 | D:3      | Noticed an air elemental
  1724 | D:3      | Noticed an earth elemental
  1724 | D:3      | Noticed a fire elemental
  1729 | D:3      | Became a worshipper of Qazlal Stormbringer
  2157 | D:4      | Reached skill level 1 in Invocations
  2179 | D:4      | Gained mutation: You have an unusually large brain. (Int
                  | +2) [demonic ancestry]
  2179 | D:4      | Reached XP level 5. HP: 41/42 MP: 5/5
  2191 | D:4      | Identified the ring "Uptuim" {Fire Int+2 Slay+3}
  2436 | D:4      | Noticed an ogre
  2441 | D:4      | Killed an ogre
  2442 | D:4      | Reached XP level 6. HP: 44/48 MP: 5/7
  2505 | D:4      | Reached * piety under Qazlal
  3236 | D:5      | Entered Level 5 of the Dungeon
  3274 | D:5      | Gained mutation: You have a small tail. [demonic ancestry]
  3274 | D:5      | Reached XP level 7. HP: 41/54 MP: 9/9
  3632 | D:5      | Found a blossoming altar of Fedhas.
  3684 | D:5      | Reached skill level 5 in Axes
  3713 | D:5      | Reached skill level 5 in Armour
  3713 | D:5      | Reached skill level 1 in Dodging
  3713 | D:5      | Reached XP level 8. HP: 32/61 MP: 11/11
  3873 | D:5      | Noticed Sigmund
  3875 | D:5      | Found an opulent altar of Gozag.
  3881 | D:5      | Killed Sigmund
  3881 | D:5      | Reached ** piety under Qazlal
  4073 | D:6      | Reached skill level 5 in Invocations
  4124 | D:6      | Reached skill level 5 in Fighting
  4182 | D:6      | Noticed Pikel
  4188 | D:6      | Killed Pikel
  4189 | D:6      | Reached XP level 9. HP: 8/68 MP: 13/13
  4770 | D:6      | Noticed Edmund
  4779 | D:6      | Killed Edmund
  5783 | D:7      | Noticed Duvessa
  5793 | D:7      | Killed Duvessa
  5797 | D:7      | Noticed Dowan
  5801 | D:7      | Killed Dowan
  5805 | D:7      | Reached XP level 10. HP: 65/76 MP: 15/15
  5859 | D:7      | Noticed Menkaure
  5865 | D:7      | Killed Menkaure
  6069 | D:7      | Reached *** piety under Qazlal
  6130 | D:7      | Found a staircase to the Ecumenical Temple.
  6446 | D:7      | Found an ornate altar of the Wu Jian Council.
  6764 | D:8      | Noticed a two-headed ogre
  6772 | D:8      | Killed a two-headed ogre
  8045 | D:8      | Found a hazy altar of Hepliaklqana.
  8309 | D:9      | Reached skill level 5 in Shields
  8610 | D:9      | Identified the staff of cold "Jegem" {rC+ Dex+5 Stlth+}
  8628 | D:9      | Found a bloodstained altar of Trog.
  9174 | D:10     | Entered Level 10 of the Dungeon
  9193 | D:10     | Found an ancient bone altar of Kikubaaqudgha.
  9640 | D:10     | Noticed an oklob plant
  9642 | D:10     | Found a staircase to the Lair.
  9795 | D:10     | Found a portal to a secret trove of treasure.
 10017 | D:10     | Noticed a wolf spider
 10020 | D:10     | Killed a wolf spider
 10021 | D:10     | Gained mutation: You sometimes emit foul miasma when
                  | damaged in melee. [demonic ancestry]
 10021 | D:10     | Reached XP level 11. HP: 33/84 MP: 18/18
 10172 | D:10     | Noticed a wizard
 10177 | D:10     | Killed a wizard
 10200 | D:10     | Reached skill level 10 in Axes
 10209 | D:10     | Reached **** piety under Qazlal
 10211 | D:10     | Noticed a centaur warrior
 10214 | D:10     | Killed a centaur warrior
 10217 | D:10     | Noticed a centaur warrior
 10221 | D:10     | Noticed a purple ugly thing
 10222 | D:10     | Killed a centaur warrior
 10223 | D:10     | Reached skill level 10 in Invocations
 10238 | D:10     | Killed a purple ugly thing
 10575 | D:10     | Noticed a boulder beetle
 10590 | D:10     | Killed a boulder beetle
 11010 | D:11     | Noticed a two-headed ogre
 11017 | D:11     | Killed a two-headed ogre
 11054 | D:11     | Found a gate leading to a gauntlet.
 11064 | Gauntlet | Entered a Gauntlet
 11064 | Gauntlet | Noticed a death scarab
 11064 | Gauntlet | Found a transporter.
 11072 | Gauntlet | Found a transporter.
 11074 | Gauntlet | Found a transporter.
 11075 | Gauntlet | Found a transporter.
 11079 | Gauntlet | Noticed a sixfirhy
 11083 | Gauntlet | Found a transporter.
 11086 | Gauntlet | Found a transporter.
 11087 | Gauntlet | Found a transporter.
 11095 | Gauntlet | Found a transporter.
 11098 | Gauntlet | Found a transporter.
 11099 | Gauntlet | Found a transporter.
 11105 | Gauntlet | Found a runed translucent door.
 11107 | Gauntlet | Found a transporter.
 11107 | Gauntlet | Noticed a death drake
 11108 | Gauntlet | Found a runed translucent door.
 11110 | Gauntlet | Found a transporter.
 11111 | Gauntlet | Found a transporter.
 11122 | Gauntlet | Found a transporter.
 11129 | Gauntlet | Noticed an orange crystal statue
 11208 | Gauntlet | Mangled by a death scarab

Illustrated notes

Levels and vault maps discovered:
D:1:      amcnicky_arrival_gap_in_the_tavern_cellar, layout_basic, st_stairs_1,
          nicolae_figureground_sparkle
D:2:      layout_basic
D:3:      layout_loops_ring, nicolae_qazlal_style_of_elements,
          dreamdust_mushroom_princess, nicolae_concentric_dashed_squares_wild
D:4:      minmay_angry_zag, layout_gridville
D:5:      layout_rooms, overflow_temple_1_default, amcnicky_altar_gilded,
          minmay_bent, uniq_sigmund
D:6:      layout_basic, uniq_pikel, uniq_edmund
D:7:      layout_loops_ring, mainiacjoe_overflow_tiny_flanked,
          minmay_temple_entry_glassed_door, uniq_duvessa, uniq_menkaure
D:8:      layout_basic, lemuel_round_altar, kennysheep_another_room
D:9:      layout_loops_corners, bloody_trog
D:10:     layout_loops_ring, kiku_gazebo_garden_becter, dpeg_oklobed_lair,
          enter_trove_6, minmay_misc_feat_pillars, minmay_misc_feat_columns,
          minmay_evil_grid
D:11:     layout_irregular_city, gauntlet_entry_generic, eino_jars
Gauntlet: gammafunk_gauntlet_77_escape_option
          [minmay_gauntlet_arena_77_checkered,
          minmay_gauntlet_arena_77_two_paths,
          minmay_gauntlet_arena_77_broken_ladder,
          minmay_gauntlet_arena_77_cramped,
          minmay_gauntlet_arena_77_double_cross, gauntlet_exit_green]

Skill      XL: |  1  2  3  4  5  6  7  8  9 10 11 |
---------------+----------------------------------+-----
Axes           | 2 3 4 5 6 8 9 10 | 10.7
Armour         | 3 4 5 6 7 |  7.0
Shields        | 3 4 5 6 |  6.4
Invocations    | 1 2 3 4 6 7 9 10 | 10.6
Fighting       | 4 5 6 7 |  7.8
Dodging        | 1 3 4 |  4.0

Action                     |  1- 3 |  4- 6 |  7- 9 | 10-12 || total
---------------------------+-------+-------+-------+-------++-------
  Melee: War axe           |   110 |       |       |       ||   110
         Hand axe          |     1 |    62 |   159 |   250 ||   472
         Tailslap          |       |       |    18 |    46 ||    64
 Armour: Scale mail        |    26 |       |       |       ||    26
         Chain mail        |    38 |    26 |    69 |       ||   133
         Leather armour    |       |       |       |    37 ||    37
  Dodge: Dodged            |    48 |    20 |    44 |    91 ||   203
  Block: Buckler           |    14 |    29 |    52 |   108 ||   203
